 Dungeon Crawl Stone Soup version 0.17-a0-1646-geb1493d (webtiles) character file.

136 patman the Chopper (level 4, -3/58 HPs)
             Began as a Minotaur Berserker on Aug 9, 2015.
             Was a Believer of Trog.
             Hit by a tomahawk thrown by an orc (4 damage)
             ... on level 4 of the Dungeon.
             The game lasted 00:01:51 (846 turns).

patman the Chopper (Minotaur Berserker)              Turns: 846, Time: 00:01:51

Health: -3/58      AC:  8    Str: 27    XL:     4   Next: 98%
Magic:  3/3        EV:  9    Int:  4    God:    Trog [**....]
Gold:   60         SH:  0    Dex: 10    Spells: 0 memorised, 3 levels left

rFire  . . .     SeeInvis .     a - +0 hand axe
rCold  . . .     Clarity  .     j - +0 chain mail
rNeg   . . .     SustAt   .     (no shield)
rPois  .         Gourm    .     (helmet restricted)
rElec  .         Spirit   .     (no cloak)
rCorr  .         Warding  .     (no gloves)
rMut   .         Stasis   .     (no boots)
MR     .....                    (no amulet)
Stlth  ..........               (no ring)
                                (no ring)

@: berserking, very quick, not resistant to hostile enchantments, extremely
unstealthy
A: retaliatory headbutt, horns 2
a: Burn Spellbooks, Berserk, Trog's Hand, Renounce Religion


You were on level 4 of the Dungeon.
You worshipped Trog.
Trog was pleased with you.
You were not hungry.

You visited 1 branch of the dungeon, and saw 4 of its levels.

You collected 60 gold pieces.

Inventory:

Hand weapons
 a - a +0 hand axe (weapon)
Armour
 j - a +0 chain mail (worn)
Scrolls
 b - a scroll of fog {unknown}
 d - a scroll of amnesia {unknown}
 e - a scroll of enchant weapon {unknown}
 f - 3 scrolls of identify {unknown}
 h - 3 scrolls of teleportation
 l - a scroll of recharging {unknown}
 n - a scroll of magic mapping {unknown}
Potions
 k - a potion of cancellation {unknown}
Comestibles
 c - a bread ration
 g - 2 meat rations
 i - a slice of pizza
 m - 2 chunks of flesh


   Skills:
 - Level 3.6 Fighting
 + Level 6.9 Axes
 - Level 2.4 Armour
 - Level 2.1 Dodging


You had 3 spell levels left.
You didn't know any spells.

Dungeon Overview and Level Annotations

Branches:
Dungeon (4/15)             Temple (0/1) D:4

Altars:
Nemelex Xobeh
The Shining One


Innate Abilities, Weirdness & Mutations

You reflexively headbutt those who attack you in melee.
You have a pair of horns on your head.


Message History

You closely miss the orc priest. Your headbutt misses the orc priest.
You hit the orc.
The orc is severely wounded.
The orc wizard mumbles some strange words.
The orc wizard blinks!
The orc hits you with an enchanted falchion.
* * * LOW HITPOINT WARNING * * *
You closely miss the orc priest. You hit the orc.
You feel the power of Trog in you as your rage grows.
You kill the orc!
Trog accepts your kill.
The orc wizard gestures at you while chanting.
The magic dart hits you! The orc priest closely misses you.
You furiously retaliate!
You headbutt the orc priest!
You kill the orc priest!
Trog accepts your kill.
The orc throws a tomahawk.
The tomahawk hits you.
* * * LOW HITPOINT WARNING * * *
The orc throws a tomahawk.
The tomahawk hits you.
You die...

....#####.....##...
#............######
#...##.......>#
#...####.....##
####...# ##...##
#..o... #....##
#.##..######.##..## ..
#.ยง.)()(.....##...#...
#..#)@.#.(####........
##..#.#...####....#...
#...o....##..........
#..#.#..........##...
#.#...#......#.......
#...........##..##...
.....................
...#.........)).#.## .
#...............#


You could see an orc wizard and an orc.

Vanquished Creatures
  An orc priest (D:4)
  Terence (D:2)
  2 adders
  3 gnolls (D:4)
  A worm (D:2)
  2 giant geckos
  2 orcs (D:4)
  4 bats
  2 giant cockroaches (D:2)
  4 hobgoblins (D:2)
  A quokka (D:3)
  6 kobolds
  2 rats (D:1)
31 creatures vanquished.

Notes
Turn   | Place    | Note
--------------------------------------------------------------
     0 | D:1      | patman the Minotaur Berserker began the quest for the Orb.
     0 | D:1      | Reached XP level 1. HP: 19/19 MP: 0/0
    36 | D:1      | Reached skill level 4 in Axes
   157 | D:2      | Found a sparkling altar of Nemelex Xobeh.
   159 | D:2      | Reached XP level 2. HP: 26/26 MP: 1/1
   240 | D:2      | Reached skill level 5 in Axes
   284 | D:2      | Reached XP level 3. HP: 16/31 MP: 2/2
   303 | D:2      | Noticed Terence
   327 | D:2      | Killed Terence
   546 | D:2      | Acquired Trog's second power
   729 | D:4      | Found a glowing golden altar of the Shining One.
   779 | D:4      | Found a staircase to the Ecumenical Temple.
   789 | D:4      | Reached skill level 6 in Axes
   789 | D:4      | Reached XP level 4. HP: 25/39 MP: 3/3
   845 | D:4      | HP: 1/58 [orc/tomahawk (5)]
   846 | D:4      | Hit by a tomahawk thrown by an orc

Vault maps used:
D:1:      ncdulo_smallfort, serial_bayou_pond_e
D:2:      nemelex_deck, ecumenical_altar_1, hangedman_feature_mirror,
          uniq_terence
D:3:      gup_sewer_entry_bowl, first_bread, grunt_dithmenos_smoke
D:4:      overflow_temple_1_default, minmay_temple_entry_crystal_x,
          nicolae_tso_carved_into_rock

Action                   |  1- 3 |  4- 6 || total
-------------------------+-------+-------++-------
Melee: Hand axe          |    60 |    13 ||    73
Invok: Berserk           |       |     1 ||     1
  Use: Scroll            |     1 |       ||     1
 Stab: Sleeping          |     1 |       ||     1
